 Dungeon Crawl Stone Soup version 0.24-a0-365-ga4d96b6e6e (webtiles) character file.

Game seed: 6637789780503576401

116 MrOobling the Vexing (level 4, -8/32 HPs)
             Began as a Demonspawn Enchanter on May 27, 2019.
             Mangled by an orc
             ... wielding a +0 war axe
              (10 damage)
             ... on level 3 of the Dungeon.
             The game lasted 00:19:11 (3368 turns).

MrOobling the Vexing (Demonspawn Enchanter)         Turns: 3368, Time: 00:19:12

Health: -8/32      AC:  3    Str:  8    XL:     4   Next: 70%
Magic:  1/7        EV: 12    Int: 18    God:
Gold:   161        SH:  0    Dex: 13    Spells: 5/8 levels left

rFire    . . .     SeeInvis .     - Unarmed
rCold    . . .     Gourm    .   (no shield)
rNeg     . . .     Faith    .   b - +0 robe
rPois    .         Spirit   .   (helmet restricted)
rElec    .         Reflect  .   (no cloak)
rCorr    .         Harm     .   (no gloves)
MR       .....                  k - +0 pair of boots
Stlth    +.........             (no amulet)
HPRegen  0.10/turn              (no ring)
MPRegen  0.10/turn              (no ring)

@: confused, very slightly contaminated
A: antennae 1, claws 2
a: no special abilities


You were on level 3 of the Dungeon.
You were not hungry.

You visited 1 branch of the dungeon, and saw 4 of its levels.

You collected 161 gold pieces.

Inventory:

Hand Weapons
 a - a +1 dagger
 g - a +2 dagger of flaming
 j - a +3 hand axe of flaming
Missiles
 h - 34 poisoned darts (quivered)
Armour
 b - a +0 robe (worn)
 k - a +0 pair of boots (worn)
 l - a +0 leather armour
 p - a +1 pair of gloves
Magical Staves
 t - an uncursed staff of air {unknown}
Jewellery
 i - an uncursed ring of wizardry {unknown}
 s - a +2 ring of dexterity {unknown}
Scrolls
 c - 3 scrolls of remove curse {unknown}
 e - 2 scrolls of fog {unknown}
 f - a scroll of teleportation {unknown}
 m - 2 scrolls of immolation {unknown}
 n - a scroll of amnesia {unknown}
 o - 2 scrolls of fear {unknown}
 q - 5 scrolls of identify {unknown}
Potions
 r - a potion of haste
 u - a potion of agility {unknown}
Comestibles
 d - 10 rations


   Skills:
 + Level 1.4 Fighting
 - Level 1.1 Short Blades
 + Level 0.5 Armour
 - Level 2.0 Dodging
 - Level 3.1 Stealth
 * Level 1.9 Unarmed Combat
 + Level 2.5 Spellcasting
 + Level 3.4 Hexes


You had 5 spell levels left.
You knew the following spells:

 Your Spells              Type           Power        Failure   Level  Hunger
a - Corona                Hex            ##.....      4%          1    #......
b - Ensorcelled Hibernat  Hex/Ice        #.....       13%         2    ##.....

Your spell library contained the following spells:

 Spells                   Type           Power        Failure   Level  Hunger
 Confuse                  Hex            ##......     13%         3    ###....
 Tukima's Dance           Hex            ##......     13%         3    ###....
 Dazzling Spray           Conj/Hex       #.....       26%         3    ###....


Dungeon Overview and Level Annotations

Branches:
Dungeon (4/15)
 Temple: D:4-7

Altars:


Innate Abilities, Weirdness & Mutations

You have a pair of small antennae on your head.
You have very sharp fingernails.


Message History

Aiming: Ensorcelled Hibernation (safe; 13% risk of failure)
Press: ? - help, Shift-Dir - straight line, f/p - orc
Aim: an orc, wielding a +0 war axe and wearing a +0 scale mail (moderately wounded, chance to defeat MR: 57%)
You miscast Ensorcelled Hibernation.
You are very lightly contaminated with residual magic.
Your skin tingles.
The orc misses you.
You hear some strange, mumbled words.
You are confused.
You miss the orc.
The orc is moderately wounded.
Something hits you.
* * * LOW HITPOINT WARNING * * *
The orc barely misses you.
You're too confused to move!
Something hits you.
* * * LOW HITPOINT WARNING * * *
The orc closely misses you.
You closely miss the orc.
The orc is moderately wounded.
Something hits you but does no damage. The orc hits you with a +0 war axe!
You die...

#.# #.# #.####### #.#
#.......# #.# #####
#######.# #.# ....# #.#
#.# ....### #.# #.#
....#.# #.# #.#
....#.########.########.#
...............o@{......#
....#.#.###############.##
....#.#..#### #.........#
#####.#.....####.######.##
#.#..........# #.#
#.#...#.####.# #.#
#.#...#.# #.# #.#
#.#...#.# #.# #.#
#.#...#.# ### #.#


You could see an orc.

Vanquished Creatures
  A hound (D:3)
  A gnoll (D:1)
  3 adders
  2 worms
  2 dart slugs
  A leopard gecko (D:2)
  3 ball pythons (D:3)
  A giant cockroach (D:1)
  4 goblins
  4 hobgoblins
  2 quokkas (D:2)
  10 bats
  3 frilled lizards
  A kobold (D:2)
  3 rats
41 creatures vanquished.

Notes
Turn   | Place    | Note
-------+----------+-------------------------------------------
     0 | D:1      | MrOobling the Demonspawn Enchanter began the quest for the
                  | Orb.
     0 | D:1      | Reached XP level 1. HP: 13/13 MP: 3/3
   287 | D:1      | Reached skill level 1 in Short Blades
   738 | D:1      | Gained mutation: You have sharp fingernails. [demonic
                  | ancestry]
   738 | D:1      | Reached XP level 2. HP: 13/19 MP: 5/5
   744 | D:1      | Learned a level 2 spell: Ensorcelled Hibernation
  1514 | D:2      | Gained mutation: You have very sharp fingernails. [demonic
                  | ancestry]
  1514 | D:2      | Reached XP level 3. HP: 25/25 MP: 6/6
  1625 | D:2      | Reached skill level 1 in Fighting
  1625 | D:2      | Reached skill level 1 in Unarmed Combat
  2090 | D:3      | Gained mutation: You have a pair of small antennae on your
                  | head. [demonic ancestry]
  2090 | D:3      | Reached XP level 4. HP: 5/32 MP: 3/7
  3368 | D:3      | Mangled by an orc

Levels and vault maps discovered:
D:1:      sevenhm_arrival_forest_fort_small_6, layout_basic, minmay_tetromino_i2
D:2:      layout_rooms, first_ration, kennysheep_generic_room_13
D:3:      layout_basic
D:4:      layout_basic, minmay_goblin_outpost

Skill      XL: |  1  2  3 |
---------------+----------+-----
Short Blades   | 1 |  1.1
Dodging        | 2 |  2.0
Fighting       | 1 |  1.4
Stealth        | 3 |  3.1
Unarmed Combat | 1 |  1.9
Armour         | |  0.5
Spellcasting   | |  2.5
Hexes          | |  3.4

Action                   |  1- 3 |  4- 6 || total
-------------------------+-------+-------++-------
Melee: Dagger            |    42 |       ||    42
       Unarmed           |    46 |    41 ||    87
 Cast: Ensorcelled Hiber |    10 |     2 ||    12
  Use: Potion            |     3 |       ||     3
 Stab: Sleeping          |    11 |       ||    11
       Distracted        |     1 |       ||     1
  Eat: Chunk             |     4 |     4 ||     8
Armor: Robe              |    12 |    15 ||    27
Dodge: Dodged            |    64 |    30 ||    94

Table legend:
 A = Non-vault XP
 B = Vault XP
 C = Vault XP percentage of total XP
 D = Non-vault monster count
 E = Vault monster count
 F = Vault count percentage of total count
                 A         B        C        D         E       F
            +---------+---------+-------+---------+---------+-------
      Total |     151 |      16 |   9.6 |      39 |       2 |   4.9
            +---------+---------+-------+---------+---------+-------
        D:1 |      27 |       2 |   6.9 |      10 |       1 |   9.1
        D:2 |      34 |      14 |  29.2 |      10 |       1 |   9.1
        D:3 |      90 |       0 |   0.0 |      19 |       0 |   0.0
            +---------+---------+-------+---------+---------+-------
